 Dungeon Crawl Stone Soup version 0.28.0-53-g5a82cb258f (webtiles) character file.

Game seed: 5315942919550659579

44090 Fartwhistle the Martial Artist (level 13, -2/99 HPs)
             Began as a Demonspawn Monk on June 1, 2022.
             Was the Champion of Cheibriados.
             Slain by a death yak (20 damage)
             ... on level 6 of the Lair of Beasts.
             The game lasted 01:01:28 (23774 turns).

Fartwhistle the Martial Artist (Demonspawn Monk)   Turns: 23774, Time: 01:01:29

Health: -2/99      AC:  6    Str: 30    XL:     13   Next: 94%
Magic:  16/20      EV: 26    Int: 34    God:    Cheibriados [******]
Gold:   1170       SH:  5    Dex: 33    Spells: 13/20 levels left

rFire   . . .      SeeInvis .     - Unarmed
rCold   . . .      Faith    .   (no shield)
rNeg    . . .      Spirit   .   s - +0 leather armour
rPois   .          Reflect  +   (no helmet)
rElec   .          Harm     .   I - +0 cloak
rCorr   .          Rampage  .   x - +0 pair of gloves
Will    .....                   J - +0 pair of boots
Stlth   ++++......              p - amulet of reflection
HPRegen 0.26/turn               N - +6 ring of intelligence
MPRegen 0.17/turn               (no ring)

@: very slow
A: claws 2, thin skeletal structure 1, ignite blood 2, spiny 2
a: Renounce Religion, Bend Time, Temporal Distortion, Slouch, Step From Time


You were on level 6 of the Lair of Beasts.
You worshipped Cheibriados.
Cheibriados was exalted by your worship.
You visited 2 branches of the dungeon, and saw 17 of its levels.
You also visited: Bailey.

You collected 1649 gold pieces.
You spent 479 gold pieces at shops.

Inventory:

Missiles
 q - 31 poisoned darts (quivered)
Armour
 a - a +0 robe
 l - a +0 ring mail
 s - a +0 leather armour (worn)
 x - a +0 pair of gloves (worn)
 I - a +0 cloak (worn)
 J - a +0 pair of boots (worn)
Magical Staves
 d - a staff of cold
Jewellery
 f - a ring of willpower
 k - an amulet of guardian spirit
 p - an amulet of reflection (around neck)
 E - an amulet of faith
 N - a +6 ring of intelligence (left hand)
Wands
 r - a wand of digging (11)
 u - a wand of flame (17)
 y - a wand of iceblast (5)
 z - a wand of acid (2)
Scrolls
 b - 5 scrolls of immolation
 g - 4 scrolls of vulnerability {unknown}
 m - a scroll of summoning {unknown}
 n - a scroll of silence {unknown}
 o - a scroll of enchant armour {unknown}
 v - 5 scrolls of enchant weapon {unknown}
 B - 4 scrolls of fear
 D - 4 scrolls of magic mapping
 F - 3 scrolls of fog
 G - 5 scrolls of teleportation {unknown}
 M - 2 scrolls of amnesia {unknown}
 O - 3 scrolls of blinking {unknown}
Potions
 c - 9 potions of mutation
 e - 5 potions of heal wounds
 h - 4 potions of brilliance
 i - 2 potions of flight
 j - 11 potions of curing
 t - 2 potions of ambrosia
 w - 6 potions of attraction
 A - 2 potions of magic
 C - a potion of invisibility
 H - a potion of resistance
 K - 2 potions of lignification
 L - a potion of berserk rage {unknown}


   Skills:
 - Level 8.6 Fighting
 + Level 11.7 Dodging
 - Level 1.7 Stealth
 + Level 13.5 Unarmed Combat
 - Level 4.3 Spellcasting
 - Level 7.5 Hexes
 - Level 4.0 Earth Magic
 - Level 10.0 Invocations
 - Level 5.0 Evocations


You had 13 spell levels left.
You knew the following spells:

 Your Spells              Type           Power      Damage    Failure   Level
a - Passwall              Tmut/Erth      16%        N/A       3%          2
b - Ensorcelled Hibernat  Hex/Ice        64%        N/A       1%          2
c - Confusing Touch       Hex            55%        N/A       1%          3

Your spell library contained the following spells:

 Spells                   Type           Power      Damage    Failure   Level
 Sandblast                Erth           68%        2d15      1%          1
 Animate Skeleton         Necr           14%        N/A       5%          1
 Magic Dart               Conj           28%        1d4       5%          1
 Pain                     Necr           28%        1d5       5%          1
 Stone Arrow              Conj/Erth      40%        3d9       7%          3
 Searing Ray              Conj           14%        2d5       9%          2
 Anguish                  Hex/Necr       16%        N/A       12%         4
 Fulminant Prism          Conj/Hex       16%        3d11      12%         4
 Spider Form              Tmut/Pois      7%         N/A       16%         3
 Vampiric Draining        Necr           7%         2d6       16%         3
 Yara's Violent Unravell  Hex/Tmut       16%        3d8       32%         5
 Animate Dead             Necr           3%         N/A       47%         4
 Hailstorm                Conj/Ice       7%         3d4       47%         4
 Ice Form                 Ice/Tmut       7%         N/A       47%         4
 Borgnjor's Vile Clutch   Necr/Erth      10%        N/A       54%         5
 Enfeeble                 Hex            27%        N/A       90%         7
 Death Channel            Necr           3%         N/A       100%        6
 Simulacrum               Ice/Necr       3%         N/A       100%        6
 Haunt                    Necr/Summ      3%         N/A       100%        7
 Infestation              Necr           3%         N/A       100%        8


Dungeon Overview and Level Annotations

Branches:
Dungeon (11/15)            Temple (0/1) D:7            Lair (6/6) D:11
  Swamp (0/4) Lair:3       Spider (0/4) Lair:4          Orc (0/2) D:10
 Bailey (visited)
  Slime: Lair:5-6

Altars:
Cheibriados
Fedhas
Makhleb
Okawaru
Uskayaw
Vehumet
Wu Jian
Beogh

Shops:
D:2 (   D:3 ?   D:6 [   D:7 (

Annotations:
D:10 exclusion: downstairs
D:11 2 runed translucent doors, Nergalle; Palewisp's ghost, journeyman SpEn
Lair:1 2 transporters, exclusion: 2 oklob plants, Mefist's ghost, journeyman DEIE
Lair:4 2 transporters
Lair:5 3 runed translucent doors, exclusion: 3 oklob plants, Luam's ghost, journeyman OpFi


Innate Abilities, Weirdness & Mutations

You have very sharp fingernails.
You have a somewhat thin skeletal structure. (Dex +2, Stealth+)
Your demonic aura often causes spilled blood to erupt in flames.
You are mostly covered in sharp spines.


Message History

The death yak barely misses you. You block the death yak's attack.
You see here a deep troll corpse.
The death yak misses you. The death yak closely misses you.
The death yak gores you. The death yak misses you. The death yak gores you!!
You block the death yak's attack. The death yak is struck by your spines.
The death yak completely misses you.
You punch the death yak!
The death yak is moderately wounded.
The death yak is engulfed in blazing flames.
The death yak gores you!
The death yak is engulfed in blazing flames.
Activating: Slouch (1% risk of failure)
Press: ? - help, Dir - look around, f - activate You can feel time thicken for a moment.
The death yak barely misses you.
Unknown command.
You hit the death yak but do no damage.
The death yak is severely wounded.
You block the death yak's attack. The death yak is struck by your spines.
The death yak gores you but does no damage.
Unknown command.
You hit the death yak.
The death yak is severely wounded.
The death yak is engulfed in blazing flames.
You block the death yak's attack.
Unknown command.
You punch the death yak!
You kill the death yak!
Cheibriados appreciates the change of pace.
The death yak gores you!!
Unknown command.
You block the death yak's attack. The death yak closely misses you.
The death yak gores you!!
* * * LOW HITPOINT WARNING * * *
The death yak is engulfed in blazing flames.
The death yak gores you!!
You die...

...##...# ##..#
....#.÷.# #...#
....##÷♣# ##...#
....##.# #....#
....##.## ##†..P#
....##..# #..°P##
..###...## ##...##
.###.P.P.### ###Y○.###
.###.....P.####.@.###.#
###..............##..##
##..............##....#
...P.........####.....#
........♣.####......#.#
PP.P.P...###........###
..P.P...#####........#
........#.##..P...#..#
..........##....#..#.#


You could see a death yak.

Vanquished Creatures
  A boulder beetle (Lair:4)
  2 hydras
  5 two-headed ogres (D:10)
  7 death yaks (Lair:6)
  A deep troll shaman (Lair:6)
  Urug (Lair:2)
  An orb spider (Lair:4)
  Pikel (D:6)
  2 orc knights (Bailey)
  2 orc sorcerers (Bailey)
  2 cyclopes (D:11)
  A manticore (D:11)
  A will-o-the-wisp (Lair:3)
  7 elephants
  2 black mambas (Lair:6)
  A torpor snail (Lair:3)
  9 cane toads
  5 rime drakes
  An unseen horror (D:11)
  Psyche (D:10)
  7 komodo dragons
  5 polar bears
  A hornet (D:11)
  6 dream sheep
  9 blink frogs
  2 shadows
  45 yaks
  A vampire (D:10)
  5 wyverns
  A wraith (D:8)
  2 basilisks (Lair:3)
  2 steam dragons
  3 vampire mosquitoes (D:8)
  2 hell hounds (Lair:2)
  11 water moccasins
  Duvessa (D:7)
  An ice beast (D:5)
  11 orc warriors
  A black bear (D:6)
  A sky beast (D:3)
  2 hornet zombies
  5 wolves (Lair:6)
  4 necrophages
  An ogre (D:5)
  2 lemures (D:6)
  4 centaurs
  3 phantoms
  A kobold brigand (D:7)
  A gnoll sergeant (D:11)
  2 scorpions (D:5)
  8 bullfrogs
  2 water moccasin skeletons
  Dowan (D:7)
  6 wights
  17 killer bees
  8 electric eels (Bailey)
  4 howler monkeys
  4 centaur zombies
  A jelly (D:5)
  A hound (D:6)
  5 orc priests
  Ijyb (D:5)
  2 bullfrog skeletons (D:5)
  2 centaur skeletons
  A gnoll shaman (D:5)
  3 iguanas
  8 orc wizards
  Natasha (thrice) (D:4)
  A hound zombie (D:5)
  A mummy (D:5)
  6 adders
  10 gnolls
  A howler monkey skeleton (D:4)
  An ufetubus (D:6)
  An adder skeleton (D:4)
  2 dart slugs
  25 orcs
  12 ball pythons
  4 bats
  10 endoplasms
  8 giant cockroaches
  16 goblins
  13 hobgoblins
  6 quokkas
  2 frilled lizards
  2 hobgoblin zombies (D:5)
  9 kobolds
  2 kobold zombies (D:5)
  5 rats
409 creatures vanquished.

Vanquished Creatures (others)
  6 foxfires (Lair:3)
  30 fungi
  30 plants
66 creatures vanquished.

Grand Total: 475 creatures vanquished

Notes
Turn   | Place    | Note
-------+----------+-------------------------------------------
     0 | D:1      | Fartwhistle the Demonspawn Monk began the quest for the
                  | Orb.
     0 | D:1      | Reached XP level 1. HP: 18/18 MP: 1/1
   104 | D:1      | Reached skill level 3 in Unarmed Combat
   135 | D:1      | Gained mutation: You have sharp fingernails. [demonic
                  | ancestry]
   135 | D:1      | Reached XP level 2. HP: 24/24 MP: 2/2
   308 | D:1      | Found Hedureit's Antique Weapon Shoppe.
   508 | D:1      | Found a faded altar of an unknown god.
   863 | D:2      | Gained mutation: You have a somewhat thin skeletal
                  | structure. (Dex +2, Stealth+) [demonic ancestry]
   863 | D:2      | Reached XP level 3. HP: 29/29 MP: 3/3
   906 | D:2      | Found a snail-covered altar of Cheibriados.
   911 | D:2      | Reached skill level 4 in Unarmed Combat
   915 | D:2      | Became a worshipper of Cheibriados the Contemplative
   915 | D:2      | Reached * piety under Cheibriados
   915 | D:2      | Reached ** piety under Cheibriados
  1481 | D:2      | Found Dakli's Weapon Shoppe.
  1821 | D:2      | Gained mutation: Your demonic aura sometimes causes spilled
                  | blood to erupt in flames. [demonic ancestry]
  1821 | D:2      | Reached XP level 4. HP: 35/35 MP: 4/4
  1916 | D:3      | Noticed a sky beast
  2180 | D:3      | Found Epulas's Magic Scroll Emporium.
  2266 | D:3      | Bought a scroll of identify for 22 gold pieces
  2528 | D:3      | Found an iron altar of Okawaru.
  2534 | D:3      | Found a hide-covered altar of Uskayaw.
  2534 | D:3      | Found a burning altar of Makhleb.
  2613 | D:3      | Reached XP level 5. HP: 42/42 MP: 5/5
  2827 | D:3      | Bought a scroll of identify for 22 gold pieces
  2827 | D:3      | Bought a scroll of magic mapping for 38 gold pieces
  2827 | D:3      | Bought a scroll of identify for 22 gold pieces
  2850 | D:4      | Reached *** piety under Cheibriados
  2925 | D:4      | Noticed a phantom
  3126 | D:4      | Reached skill level 1 in Invocations
  3149 | D:4      | HP: 1/42 [something (6)]
  3470 | D:3      | Killed a sky beast
  3471 | D:3      | Reached skill level 5 in Unarmed Combat
  3471 | D:3      | Gained mutation: You are partially covered in sharp spines.
                  | [demonic ancestry]
  3471 | D:3      | Reached XP level 6. HP: 41/48 MP: 5/7
  4220 | D:4      | Noticed an orc warrior
  4235 | D:4      | Killed an orc warrior
  4363 | D:4      | Noticed Natasha
  4378 | D:4      | Reached skill level 6 in Unarmed Combat
  4378 | D:4      | Reached XP level 7. HP: 51/54 MP: 10/10
  4408 | D:4      | Killed Natasha
  4471 | D:4      | Noticed Natasha
  4475 | D:4      | Killed Natasha
  4608 | D:4      | Noticed Natasha
  4623 | D:4      | Killed Natasha
  4624 | D:4      | Reached skill level 5 in Invocations
  4759 | D:5      | Entered Level 5 of the Dungeon
  4996 | D:5      | Reached skill level 1 in Evocations
  5036 | D:5      | Reached **** piety under Cheibriados
  5280 | D:5      | Learned a level 2 spell: Passwall
  5328 | D:5      | Reached XP level 8. HP: 60/60 MP: 11/11
  5389 | D:5      | Reached skill level 1 in Earth Magic
  5392 | D:5      | Noticed Ijyb
  5400 | D:5      | Killed Ijyb
  5476 | D:5      | Reached skill level 7 in Unarmed Combat
  5752 | D:5      | Found a snail-covered altar of Cheibriados.
  5970 | D:6      | Found Uqedwome's Antique Armour Shop.
  6126 | D:6      | Reached skill level 5 in Dodging
  6377 | D:6      | Noticed Pikel
  6393 | D:6      | Killed Pikel
  6394 | D:6      | Gained mutation: You have very sharp fingernails. [demonic
                  | ancestry]
  6394 | D:6      | Reached XP level 9. HP: 34/65 MP: 12/12
  6791 | D:6      | Reached ***** piety under Cheibriados
  7299 | D:7      | Found a staircase to the Ecumenical Temple.
  7299 | D:7      | Noticed Dowan
  7320 | D:7      | You fall into a shaft and drop 1 floor!
  7412 | D:7      | Reached skill level 5 in Evocations
  7496 | D:7      | Reached skill level 8 in Unarmed Combat
  7554 | D:7      | Found Hefaqosy's Weapon Boutique.
  7578 | D:7      | Noticed Duvessa
  7583 | D:7      | Killed Dowan
  7590 | D:7      | Killed Duvessa
  7603 | D:7      | Found a flagged portal.
  7608 | Bailey   | Entered a bailey
  8110 | Bailey   | Noticed an orc knight
  8140 | Bailey   | Killed an orc knight
  8180 | Bailey   | Reached skill level 9 in Unarmed Combat
  8180 | Bailey   | Gained mutation: You are mostly covered in sharp spines.
                  | [demonic ancestry]
  8180 | Bailey   | Reached XP level 10. HP: 43/71 MP: 9/13
  8557 | Bailey   | Noticed an orc sorcerer
  8570 | Bailey   | Killed an orc sorcerer
  8832 | Bailey   | Noticed an orc sorcerer
  8836 | Bailey   | Noticed a sun demon
  8837 | Bailey   | Killed an orc sorcerer
  8906 | Bailey   | Noticed an orc knight
  9081 | Bailey   | Killed an orc knight
  9082 | Bailey   | Reached skill level 5 in Fighting
  9097 | Bailey   | Found an iron altar of Okawaru.
 10049 | D:7      | Acquired 652 gold pieces
 10274 | D:6      | Bought a twisted ring mail for 315 gold pieces
 10274 | D:6      | Identified the +0 ring mail "Cici" {Harm rC- Dex+7 SInv}
                  | (You bought it in a shop on level 6 of the Dungeon)
 10329 | D:3      | Bought a scroll of magic mapping for 38 gold pieces
 10329 | D:3      | Bought a scroll of fog for 22 gold pieces
 11758 | D:9      | Gained mutation: Your demonic aura often causes spilled
                  | blood to erupt in flames. [demonic ancestry]
 11758 | D:9      | Reached XP level 11. HP: 81/81 MP: 16/16
 12058 | D:9      | Reached ****** piety under Cheibriados
 12335 | D:9      | Found a radiant altar of Vehumet.
 12623 | D:10     | Entered Level 10 of the Dungeon
 12623 | D:10     | Noticed Psyche
 12659 | D:10     | Killed Psyche
 12660 | D:10     | Reached skill level 10 in Unarmed Combat
 12729 | D:10     | Noticed a two-headed ogre
 12735 | D:10     | Learned a level 2 spell: Ensorcelled Hibernation
 12808 | D:10     | Noticed a two-headed ogre
 12899 | D:10     | Reached skill level 1 in Hexes
 13054 | D:10     | Found a staircase to the Orcish Mines.
 13094 | D:10     | Reached skill level 1 in Spellcasting
 13207 | D:10     | Noticed a two-headed ogre
 13217 | D:10     | Killed a two-headed ogre
 13430 | D:10     | Found a blossoming altar of Fedhas.
 13444 | D:10     | Killed a two-headed ogre
 13777 | D:10     | Killed a two-headed ogre
 14001 | D:11     | Noticed a two-headed ogre
 14023 | D:11     | Noticed a two-headed ogre
 14031 | D:11     | Noticed Nergalle
 14034 | D:10     | Killed a two-headed ogre
 14198 | D:10     | Killed a two-headed ogre
 14396 | D:11     | Found a runed translucent door.
 14399 | D:11     | Noticed a war gargoyle
 14558 | D:11     | Noticed a deep troll
 14559 | D:11     | Noticed a lich
 14560 | D:11     | Noticed a necromancer
 14561 | D:11     | Noticed Palewisp's ghost (journeyman SpEn)
 14561 | D:11     | Noticed a skeletal warrior
 14566 | D:11     | Found a runed translucent door.
 14738 | D:11     | Reached skill level 11 in Unarmed Combat
 15014 | D:11     | Reached skill level 5 in Hexes
 15168 | D:11     | Found a staircase to the Lair.
 15182 | Lair:1   | Entered Level 1 of the Lair of Beasts
 15216 | Lair:1   | Reached XP level 12. HP: 72/89 MP: 15/18
 15301 | Lair:1   | Noticed Mefist's ghost (journeyman DEIE)
 15326 | Lair:1   | Noticed a seven-headed hydra
 16166 | Lair:1   | Found a transporter.
 16217 | Lair:1   | Found a transporter.
 16479 | Lair:2   | Noticed a four-headed hydra
 16484 | Lair:2   | Killed a four-headed hydra
 16564 | Lair:2   | Noticed Urug
 17321 | Lair:2   | Killed Urug
 18107 | Lair:3   | Learned a level 3 spell: Confusing Touch
 18228 | Lair:3   | Found a staircase to the Swamp.
 19032 | Lair:4   | Found a hole to the Spider Nest.
 19102 | Lair:4   | Found a transporter.
 19116 | Lair:4   | Noticed a boulder beetle
 19126 | Lair:4   | Found a hide-covered altar of Uskayaw.
 19141 | Lair:4   | Killed a boulder beetle
 19296 | Lair:4   | Found an ornate altar of the Wu Jian Council.
 19639 | Lair:4   | Reached XP level 13. HP: 99/99 MP: 20/20
 19746 | Lair:4   | Found a transporter.
 19811 | Lair:4   | Reached skill level 12 in Unarmed Combat
 20107 | Lair:5   | Reached skill level 10 in Invocations
 20319 | Lair:5   | Reached skill level 10 in Dodging
 21124 | Lair:5   | Found a runed translucent gate.
 21124 | Lair:5   | Noticed Luam's ghost (journeyman OpFi)
 21125 | Lair:5   | Found a runed translucent gate.
 21126 | Lair:5   | Found a runed translucent gate.
 21555 | Lair:6   | Entered Level 6 of the Lair of Beasts
 22604 | Lair:6   | Reached skill level 13 in Unarmed Combat
 23774 | Lair:6   | Slain by a death yak

Illustrated notes

Levels and vault maps discovered:
D:1:      onia_arrival_pentagram, layout_basic,
          hellmonk_ecumenical_altar_run_dry, serial_shops, nicolae_diamond_shop,
          amcnicky_mini_rare_corridor_liquid
D:2:      layout_loops_corners, serial_shops, nicolae_shop_waterfront,
          basic_altar, minmay_mini_jars
D:3:      layout_rooms, grunt_temple_overflow_open, serial_shops, shop_scrolls
D:4:      minmay_octagon_keep, layout_cave_pods, uniq_natasha
D:5:      layout_loops_ring, kennysheep_slug_shrine, minmay_mini_ossuary,
          uniq_ijyb
D:6:      layout_gridville, serial_shops, nicolae_shop_stone, uniq_pikel
D:7:      layout_basic, minmay_temple_entry_proselytizer, serial_shops,
          nicolae_shop_bloodbath_and_beyond, enter_bailey_3, uniq_duvessa
D:8:      layout_basic
D:9:      layout_loops_corners, overflow_temple_1_default
D:10:     layout_loops_ring, fedhas_altar_3, minmay_orc_entry_temple_small,
          amcnicky_mini_corridor_feature, uniq_psyche
D:11:     layout_rooms, lair_entry_dummy, muffindrake_ghost_dual_entry,
          corexii_hall_statues_l, uniq_nergalle
Lair:1:   minmay_lair_oklob_chamber, layout_chaotic_city, gammafunk_ghost_arena
Lair:2:   layout_loops_ring, enter_volcano_3, grunt_megastairs_2,
          serial_bayou_shore_b, uniq_urug
Lair:3:   layout_regular_city, minmay_swamp_entry_wisps, lemuel_fruit_fields
Lair:4:   gammafunk_cloud_chamber, layout_layer_cave,
          nicolae_spider_entry_orb_guardian, nzn_masters_of_martial_movement
Lair:5:   layout_regular_city, minmay_slime_entry_oklob_open,
          gammafunk_ghost_hydra_chop
Lair:6:   grunt_lair_end_beastmaster, layout_cave_pods

Skill      XL: |  1  2  3  4  5  6  7  8  9 10 11 12 13 |
---------------+----------------------------------------+-----
Unarmed Combat | 3 4 5 6 7 9 11 13 | 13.5
Fighting       | 4 6 8 |  8.6
Invocations    | 2 4 5 7 8 9 10 | 10.0
Dodging        | 4 5 7 8 9 11 | 11.7
Evocations     | 2 4 5 |  5.0
Earth Magic    | 3 4 |  4.0
Hexes          | 5 7 |  7.5
Spellcasting   | 4 |  4.3
Stealth        | |  1.7

Action                   |  1- 3 |  4- 6 |  7- 9 | 10-12 | 13-15 || total
-------------------------+-------+-------+-------+-------+-------++-------
Melee: Unarmed           |   107 |   115 |   240 |   432 |   217 ||  1111
       Punch             |     1 |     3 |    16 |    43 |    26 ||    89
Throw: Dart              |       |     5 |     5 |    23 |       ||    33
 Cast: Ensorcelled Hiber |       |       |       |    37 |     2 ||    39
       Confusing Touch   |       |       |       |     2 |     7 ||     9
Invok: Bend Time         |       |     1 |     1 |     2 |       ||     4
       Slouch            |       |       |       |     9 |     1 ||    10
Evoke: Wand              |       |       |    21 |    30 |       ||    51
  Use: Scroll            |       |     6 |     5 |     7 |       ||    18
 Stab: Sleeping          |    12 |     5 |    11 |    25 |     7 ||    60
       Distracted        |       |     1 |     1 |       |       ||     2
       Paralysed         |       |       |    12 |       |       ||    12
       Confused          |       |       |       |     3 |     3 ||     6
Armor: Robe              |    16 |     8 |       |       |       ||    24
       Leather armour    |       |     5 |    25 |    42 |    18 ||    90
Dodge: Dodged            |    71 |    54 |   122 |   266 |   176 ||   689
Block: Other             |       |     7 |    45 |    87 |    38 ||   177
       Reflection        |       |     1 |       |     2 |       ||     3
